TOP OF THE 1ST |
West Michigan Whitecaps batting - Pitching for Hickory Crawdads : LHP Mike Tracy
|
Pitching: LHP Mike Tracy
|
|
Batting: SHB Willie Medina
|
0-0: Called Strike 0-1: Ball 1-1: Foul Ball, location: 2F 1-2: Ball 2-2: Ball 3-2: DOUBLE (Line Drive, 78M, EV 103.8 MPH)
|
Batting: RHB Jon Goldstein
|
0-0: Swinging Strike 0-1: Ball 1-1: Ball 2-1: Called Strike 2-2: Strikes out swinging
|
Batting: LHB Dave Carlisle
|
0-0: Called Strike 0-1: Called Strike 0-2: Ball 1-2: Ball 2-2: SINGLE (Groundball, 4MS, EV 71.9 MPH) (infield hit) Willie Medina to third
|
Batting: LHB Jamie Christian
|
0-0: Called Strike 0-1: Ball 1-1: Foul Ball, location: 2F 1-2: Ball 2-2: Foul Ball, location: 2F 2-2: Ball 3-2: Strikes out looking
|
Batting: RHB German Quiroga
|
0-0: Called Strike 0-1: Ball 1-1: Called Strike 1-2: Strikes out looking
|
Top of the 1st over - 0 runs, 2 hits, 0 errors, 2 left on base; West Michigan 0 - Hickory 0 |
BOTTOM OF THE 1ST |
Hickory Crawdads batting - Pitching for West Michigan Whitecaps : LHP Jim Daum
|
Pitching: LHP Jim Daum
|
|
Batting: RHB Aaron Moore
|
0-0: Called Strike 0-1: Foul Ball, location: 2F 0-2: Fly out, F8 (Line Drive, 78M, EV 88.8 MPH)
|
Batting: LHB Brian Gray
|
0-0: Called Strike 0-1: Called Strike 0-2: Ball 1-2: Strikes out looking
|
Batting: RHB Matthew Starr
|
0-0: Ground out U3 (Groundball, 13, EV 80.6 MPH)
|
Bottom of the 1st over - 0 runs, 0 hits, 0 errors, 0 left on base; West Michigan 0 - Hickory 0 |
TOP OF THE 2ND |
West Michigan Whitecaps batting - Pitching for Hickory Crawdads : LHP Mike Tracy
|
Batting: LHB George Moran
|
0-0: Ball 1-0: Fly out, F7 (Flyball, 7LM, EV 96.2 MPH)
|
Batting: RHB Scott Carr
|
0-0: Called Strike 0-1: Ball 1-1: Ball 2-1: Ball 3-1: Base on Balls
|
Batting: LHB Jon Pedlar
|
0-0: Called Strike 0-1: Called Strike 0-2: Ball 1-2: Foul Ball, location: 2F 1-2: Ball 2-2: Strikes out swinging
|
Batting: LHB Steve Herrera
|
0-0: Called Strike 0-1: Ball 1-1: Called Strike 1-2: Strikes out looking
|
Top of the 2nd over - 0 runs, 0 hits, 0 errors, 1 left on base; West Michigan 0 - Hickory 0 |
BOTTOM OF THE 2ND |
Hickory Crawdads batting - Pitching for West Michigan Whitecaps : LHP Jim Daum
|
Batting: SHB Todd Hewitt
|
0-0: Foul Ball, location: 2F 0-1: Foul Ball, location: 2F 0-2: Ball 1-2: Fly out, F3 (Popup, 3SF, EV 86.2 MPH)
|
Batting: RHB Victor Moya
|
0-0: Foul Ball, location: 2F 0-1: Foul Ball, location: 2F 0-2: Ball 1-2: Ball 2-2: Foul Ball, location: 2F 2-2: Ball 3-2: Ground out 5-3 (Groundball, 56, EV 95.6 MPH)
|
Batting: RHB Salvador Caldera
|
0-0: Ground out 6-3 (Groundball, 6, EV 80.6 MPH)
|
Bottom of the 2nd over - 0 runs, 0 hits, 0 errors, 0 left on base; West Michigan 0 - Hickory 0 |
TOP OF THE 3RD |
West Michigan Whitecaps batting - Pitching for Hickory Crawdads : LHP Mike Tracy
|
Batting: SHB Willie Medina
|
0-0: Ball 1-0: Foul Ball, location: 2F 1-1: Ball 2-1: Fly out, F3 (Popup, 3SF, EV 77.5 MPH)
|
Batting: RHB Jon Goldstein
|
0-0: Ball 1-0: Ball 2-0: Called Strike 2-1: Swinging Strike 2-2: Foul Ball, location: 2F 2-2: Strikes out swinging, 2-3 out at first.
|
Batting: LHB Dave Carlisle
|
0-0: Ball 1-0: Called Strike 1-1: Ball 2-1: Called Strike 2-2: Ball 3-2: Strikes out swinging
|
Top of the 3rd over - 0 runs, 0 hits, 0 errors, 0 left on base; West Michigan 0 - Hickory 0 |
BOTTOM OF THE 3RD |
Hickory Crawdads batting - Pitching for West Michigan Whitecaps : LHP Jim Daum
|
Batting: SHB Quido van Erp
|
0-0: DOUBLE (Line Drive, 78M, EV 103.1 MPH)
|
Batting: RHB Zach Thomason
|
0-0: Ball 1-0: Foul Ball, location: 2F 1-1: Foul Ball, location: 2F 1-2: Ball 2-2: Strikes out looking
|
Batting: RHB Dave Brabo
|
0-0: Foul Ball, location: 2F 0-1: Ball Wild Pitch! Quido van Erp to third 1-1: Fly out, F8 (Flyball, 8RD, EV 96.2 MPH) Runner from 3rd tags up, SCORES, throw by CF
|
Batting: RHB Aaron Moore
|
0-0: Called Strike 0-1: Ground out U3 (Groundball, 3, EV 105.6 MPH)
|
Bottom of the 3rd over - 1 run, 1 hit, 0 errors, 0 left on base; West Michigan 0 - Hickory 1 |
TOP OF THE 4TH |
West Michigan Whitecaps batting - Pitching for Hickory Crawdads : LHP Mike Tracy
|
Batting: LHB Jamie Christian
|
0-0: Foul Ball, location: 2F 0-1: Ball 1-1: Ball 2-1: Ball 3-1: Ground out 6-3 (Groundball, 6, EV 108.1 MPH)
|
Batting: RHB German Quiroga
|
0-0: Foul Ball, location: 2F 0-1: Foul Ball, location: 2F 0-2: DOUBLE (Line Drive, 3D, EV 103.8 MPH)
|
Batting: LHB George Moran
|
0-0: Ball 1-0: Called Strike 1-1: Called Strike 1-2: Strikes out looking
|
Batting: RHB Scott Carr
|
0-0: Ball 1-0: Called Strike 1-1: Ball 2-1: Ground out 5-3 (Groundball, 56, EV 80.6 MPH)
|
Top of the 4th over - 0 runs, 1 hit, 0 errors, 1 left on base; West Michigan 0 - Hickory 1 |
BOTTOM OF THE 4TH |
Hickory Crawdads batting - Pitching for West Michigan Whitecaps : LHP Jim Daum
|
Batting: LHB Brian Gray
|
0-0: Ground out 1-3 (Groundball, 13S, EV 66.2 MPH)
|
Batting: RHB Matthew Starr
|
0-0: Ball 1-0: Called Strike 1-1: Foul Ball, location: 2F 1-2: Fly out, F7 (Flyball, 7S, EV 95.6 MPH)
|
Batting: SHB Todd Hewitt
|
0-0: Called Strike 0-1: Swinging Strike 0-2: Hit by Pitch
|
Batting: RHB Victor Moya
|
0-0: Ball 1-0: Called Strike 1-1: Called Strike 1-2: Ball 2-2: SINGLE (Line Drive, 7LM, EV 108.1 MPH) Todd Hewitt to second Runner from 2nd tries for 3rd, SAFE, no throw by LF
|
Batting: RHB Salvador Caldera
|
0-0: Ball 1-0: Ball 2-0: Ball 3-0: Base on Balls Victor Moya to second
|
Batting: SHB Quido van Erp
|
0-0: SINGLE (Groundball, 6D, EV 106.2 MPH) Todd Hewitt scores Victor Moya to third Salvador Caldera to second Runner from 3rd tries for Home, throw by CF and OUT! 8-2
|
Bottom of the 4th over - 1 run, 2 hits, 0 errors, 2 left on base; West Michigan 0 - Hickory 2 |
TOP OF THE 5TH |
West Michigan Whitecaps batting - Pitching for Hickory Crawdads : LHP Mike Tracy
|
Batting: LHB Jon Pedlar
|
0-0: Ball 1-0: Ball 2-0: Swinging Strike 2-1: Ball 3-1: Called Strike 3-2: Foul Ball, location: 2F 3-2: Ground out 4-3 (Groundball, 4, EV 83.1 MPH)
|
Batting: LHB Steve Herrera
|
0-0: Called Strike 0-1: DOUBLE (Line Drive, 8LXD, EV 110.6 MPH)
|
Batting: SHB Willie Medina
|
0-0: Ball 1-0: DOUBLE (Flyball, 89XD, EV 105.0 MPH) Steve Herrera scores
|
Batting: RHB Jon Goldstein
|
0-0: Ball 1-0: Called Strike 1-1: Ball 2-1: Called Strike 2-2: Foul Ball, location: 2F 2-2: 2-RUN HOME RUN (Flyball, 7D, EV 96.2 MPH), Distance : 392 ft
|
Batting: LHB Dave Carlisle
|
0-0: Ball 1-0: Called Strike 1-1: Foul Ball, location: 2F 1-2: Foul Ball, location: 2F 1-2: Ball 2-2: Strikes out swinging
|
Batting: LHB Jamie Christian
|
0-0: Called Strike 0-1: Ball 1-1: Swinging Strike 1-2: Strikes out swinging
|
Top of the 5th over - 3 runs, 3 hits, 0 errors, 0 left on base; West Michigan 3 - Hickory 2 |
BOTTOM OF THE 5TH |
Hickory Crawdads batting - Pitching for West Michigan Whitecaps : LHP Jim Daum
|
Batting: RHB Zach Thomason
|
0-0: Ball 1-0: Called Strike 1-1: Ground out 1-3 (Groundball, 15S, EV 62.5 MPH)
|
Batting: RHB Dave Brabo
|
0-0: Called Strike 0-1: Called Strike 0-2: Ball 1-2: SINGLE (Groundball, P, EV 87.5 MPH) (infield hit)
|
Batting: RHB Aaron Moore
|
0-0: Ball 1-0: Ball 2-0: Ball 3-0: Base on Balls Dave Brabo to second
|
Batting: LHB Brian Gray
|
0-0: Ball Dave Brabo is caught stealing 3rd base 2-5 Aaron Moore to second 1-0: Ball 2-0: Ball 3-0: Base on Balls
|
Batting: RHB Matthew Starr
|
0-0: Ball 1-0: Ball 2-0: Foul Ball, location: 2F 2-1: Ball 3-1: DOUBLE (Line Drive, 89XD, EV 105.6 MPH) Aaron Moore scores Brian Gray to third Runner from 3rd tries for Home, SAFE, no throw by CF
|
Batting: SHB Todd Hewitt
|
0-0: Ball 1-0: Called Strike 1-1: Ball 2-1: Fly out, F4 (Line Drive, 4, EV 63.8 MPH)
|
Bottom of the 5th over - 2 runs, 2 hits, 0 errors, 1 left on base; West Michigan 3 - Hickory 4 |
TOP OF THE 6TH |
West Michigan Whitecaps batting - Pitching for Hickory Crawdads : LHP Mike Tracy
|
Pitching: RHP Errol Dondale
|
|
Batting: RHB German Quiroga
|
0-0: SINGLE (Groundball, 4D, EV 99.4 MPH)
|
Batting: LHB George Moran
|
0-0: Ball 1-0: Called Strike 1-1: Swinging Strike 1-2: Grounds out, U3 (Groundball, 3L, EV 103.8 MPH)
|
Batting: RHB Scott Carr
|
0-0: Called Strike 0-1: Called Strike 0-2: Ball 1-2: Strikes out swinging
|
Batting: LHB Jon Pedlar
|
0-0: Called Strike 0-1: Swinging Strike 0-2: Ball 1-2: Foul Ball, location: 2F 1-2: Ball 2-2: Strikes out swinging
|
Top of the 6th over - 0 runs, 1 hit, 0 errors, 1 left on base; West Michigan 3 - Hickory 4 |
BOTTOM OF THE 6TH |
Hickory Crawdads batting - Pitching for West Michigan Whitecaps : LHP Jim Daum
|
Batting: RHB Victor Moya
|
0-0: Called Strike 0-1: Ball 1-1: Ball 2-1: SOLO HOME RUN (Flyball, 78XD, EV 109.4 MPH), Distance : 441 ft
|
Pitching: RHP Jorge Castaneda
|
|
Batting: RHB Salvador Caldera
|
0-0: Ball 1-0: Foul Ball, location: 2F 1-1: Foul Ball, location: 2F 1-2: Ball 2-2: Ball 3-2: Base on Balls
|
Batting: SHB Quido van Erp
|
0-0: Called Strike 0-1: Foul Ball, location: 2F 0-2: Foul Ball, location: 2F 0-2: Foul Ball, location: 2F 0-2: Foul Ball, location: 2F 0-2: Fly out, F8 (Flyball, 8LM, EV 84.4 MPH)
|
Batting: RHB Zach Thomason
|
0-0: Called Strike 0-1: Called Strike 0-2: Ball 1-2: DOUBLE (Line Drive, 3D, EV 98.1 MPH) Salvador Caldera to third Runner from 3rd tries for Home, throw by RF and OUT! 9-4-2 Runner from 2nd tries for 3rd, throw by C and ERROR! Runner scores!
|
Batting: RHB Dave Brabo
|
0-0: Swinging Strike 0-1: SOLO HOME RUN (Flyball, 7D, EV 102.5 MPH), Distance : 404 ft
|
Batting: RHB Aaron Moore
|
0-0: Called Strike 0-1: Ball 1-1: Ball 2-1: Foul Ball, location: 2F 2-2: Ball 3-2: Strikes out swinging
|
Bottom of the 6th over - 3 runs, 3 hits, 0 errors, 0 left on base; West Michigan 3 - Hickory 7 |
TOP OF THE 7TH |
West Michigan Whitecaps batting - Pitching for Hickory Crawdads : RHP Errol Dondale
|
Batting: LHB Steve Herrera
|
0-0: Called Strike 0-1: Called Strike 0-2: Ball 1-2: Foul Ball, location: 2F 1-2: Ball 2-2: Strikes out swinging
|
Batting: SHB Willie Medina
|
0-0: Ball 1-0: Ball 2-0: Called Strike 2-1: Ground out 6-3 (Groundball, 6, EV 101.9 MPH)
|
Batting: RHB Jon Goldstein
|
0-0: Called Strike 0-1: Foul Ball, location: 2F 0-2: Ball 1-2: Strikes out swinging
|
Top of the 7th over - 0 runs, 0 hits, 0 errors, 0 left on base; West Michigan 3 - Hickory 7 |
BOTTOM OF THE 7TH |
Hickory Crawdads batting - Pitching for West Michigan Whitecaps : RHP Jorge Castaneda
|
Pitching: LHP Chris Thomas
|
|
Batting: LHB Brian Gray
|
0-0: Ball 1-0: Ball 2-0: Ball 3-0: Called Strike 3-1: Base on Balls
|
Batting: RHB Matthew Starr
|
Balk! Brian Gray to second 0-0: Ball 1-0: Swinging Strike 1-1: Foul Ball, location: 2F 1-2: Foul Ball, location: 2F 1-2: Ball 2-2: Foul Ball, location: 2F 2-2: Foul Ball, location: 2F 2-2: Ball 3-2: Ground out 1-3 (Groundball, 15, EV 73.1 MPH)
|
Batting: SHB Todd Hewitt
|
0-0: Ball 1-0: Ball 2-0: Called Strike 2-1: Ball 3-1: Base on Balls
|
Batting: RHB Victor Moya
|
0-0: Ball 1-0: Ball 2-0: Ball 3-0: Called Strike 3-1: Base on Balls Brian Gray to third Todd Hewitt to second
|
Batting: RHB Salvador Caldera
|
0-0: Swinging Strike 0-1: Swinging Strike 0-2: Ball 1-2: Ball 2-2: Strikes out swinging
|
Batting: SHB Quido van Erp
|
0-0: Ball 1-0: Ball 2-0: Called Strike 2-1: Fly out, F8 (Flyball, 8RD, EV 102.5 MPH)
|
Bottom of the 7th over - 0 runs, 0 hits, 0 errors, 3 left on base; West Michigan 3 - Hickory 7 |
TOP OF THE 8TH |
West Michigan Whitecaps batting - Pitching for Hickory Crawdads : RHP Errol Dondale
|
Pitching: LHP Tommy McCusker
|
|
Batting: LHB Dave Carlisle
|
0-0: Called Strike 0-1: Ball 1-1: Swinging Strike 1-2: Ball 2-2: Strikes out swinging
|
Batting: LHB Jamie Christian
|
0-0: Called Strike 0-1: DOUBLE (Line Drive, 89M, EV 105.0 MPH)
|
Batting: RHB German Quiroga
|
0-0: Called Strike 0-1: Foul Ball, location: 2F 0-2: Foul Ball, location: 2F 0-2: Ball 1-2: Strikes out looking
|
Batting: LHB George Moran
|
0-0: Called Strike 0-1: Called Strike 0-2: DOUBLE (Line Drive, 3D, EV 95.0 MPH) Jamie Christian scores
|
Batting: RHB Scott Carr
|
0-0: Called Strike 0-1: Called Strike 0-2: Foul Ball, location: 2F 0-2: Foul Ball, location: 2F 0-2: Ball 1-2: Foul Ball, location: 2F 1-2: Ball 2-2: Ball 3-2: SINGLE (Groundball, 34D, EV 108.8 MPH) George Moran to third Runner from 3rd tries for Home, throw by RF and OUT! 9-2
|
Top of the 8th over - 1 run, 3 hits, 0 errors, 1 left on base; West Michigan 4 - Hickory 7 |
BOTTOM OF THE 8TH |
Hickory Crawdads batting - Pitching for West Michigan Whitecaps : LHP Chris Thomas
|
Pitching: RHP Matt Sturge
|
|
Batting: RHB Zach Thomason
|
0-0: Swinging Strike 0-1: Called Strike 0-2: Ball 1-2: Fly out, F8 (Line Drive, 8RD, EV 109.4 MPH)
|
Batting: RHB Dave Brabo
|
0-0: Called Strike 0-1: Foul Ball, location: 2F 0-2: Foul Ball, location: 2F 0-2: Ball 1-2: Ball 2-2: Strikes out swinging
|
Batting: RHB Aaron Moore
|
0-0: Ball 1-0: SINGLE (Groundball, 4MD, EV 103.1 MPH)
|
Batting: LHB Brian Gray
|
0-0: Called Strike 0-1: SINGLE (Groundball, 4D, EV 106.9 MPH) Aaron Moore to second Runner from 2nd tries for 3rd, SAFE, throw by CF made to third
|
Batting: RHB Matthew Starr
|
0-0: Called Strike 0-1: Ball 1-1: SINGLE (Flyball, 5D, EV 91.2 MPH) Aaron Moore scores Brian Gray to second
|
Batting: SHB Todd Hewitt
|
0-0: Called Strike 0-1: Ball 1-1: Ground out 4-3 (Groundball, 4, EV 81.9 MPH)
|
Bottom of the 8th over - 1 run, 3 hits, 0 errors, 2 left on base; West Michigan 4 - Hickory 8 |
TOP OF THE 9TH |
West Michigan Whitecaps batting - Pitching for Hickory Crawdads : LHP Tommy McCusker
|
Pitching: LHP Skylar Adams
|
|
Batting: LHB Jon Pedlar
|
0-0: Ground out 6-3 (Groundball, 6, EV 103.1 MPH)
|
Batting: LHB Steve Herrera
|
0-0: Foul Ball, location: 2F 0-1: Foul Ball, location: 2F 0-2: Foul Ball, location: 2F 0-2: Strikes out swinging passed ball, reaches first!
|
Batting: SHB Willie Medina
|
0-0: Foul Ball, location: 2F 0-1: Swinging Strike 0-2: Strikes out looking
|
Batting: RHB Jon Goldstein
|
0-0: Called Strike 0-1: Foul Ball, location: 2F 0-2: Strikes out swinging
|
Top of the 9th over - 0 runs, 0 hits, 0 errors, 1 left on base; West Michigan 4 - Hickory 8 |
|